 Dungeon Crawl Stone Soup version 0.16.1-30-g34a7ffa (webtiles) character file.

742 Jb9000 the Covered (level 7, 0/52 HPs)
             Began as a Vampire Fighter on June 20, 2015.
             Was a Believer of Nemelex Xobeh.
             Killed by divine providence
             ... invoked by an orc priest
              (9 damage)
             ... on level 6 of the Dungeon.
             The game lasted 00:39:45 (5845 turns).

Jb9000 the Covered (Vampire Fighter)                Turns: 5845, Time: 00:39:46

Health: 0/52       AC: 13    Str: 16    XL:     7   Next: 47%
Magic:  7/7        EV:  6    Int: 11    God:    Nemelex Xobeh [**....]
Gold:   238        SH:  0    Dex: 13    Spells: 0 memorised, 6 levels left

rFire  . . .     SeeInvis +     y - +4 shortbow (flame)
rCold  . . .     Clarity  .     A - +0 plate armour
rNeg   + + .     SustAb   .     (no shield)
rPois  .         Gourm    .     (no helmet)
rElec  .         Spirit   .     (no cloak)
rCorr  .         Warding  .     (no gloves)
rMut   .         Stasis   .     z - +0 pair of boots
MR     +....                    u - amulet of rage
Stlth  ..........               j - ring of protection from magic
                                k - ring of positive energy

@: drained, somewhat resistant to hostile enchantments, extremely unstealthy
A: bottle blood, fangs 3, see invisible, unbreathing
a: Bat Form, Renounce Religion, Evoke Berserk Rage


You were on level 6 of the Dungeon.
You worshipped Nemelex Xobeh.
Nemelex Xobeh was pleased with you.
You were not thirsty.

You visited 1 branch of the dungeon, and saw 6 of its levels.

You collected 238 gold pieces.

Inventory:

Hand weapons
 a - a +0 long sword
 l - a +1 whip of venom
 r - a +0 falchion
 s - a +2 dagger of venom
 y - a +4 shortbow of flaming (weapon)
Missiles
 f - 57 arrows (quivered)
 g - 14 poisoned arrows
 p - 13 bolts
 t - a throwing net
Armour
 b - a +0 scale mail
 c - a +0 shield
 z - a +0 pair of boots (worn)
 A - a +0 plate armour (worn)
Jewellery
 j - a ring of protection from magic (right hand)
 k - a ring of positive energy (left hand)
 u - an amulet of rage (around neck)
Magical devices
 w - a wand of random effects (25)
Scrolls
 i - 2 scrolls of identify
 v - 2 scrolls of remove curse
 x - a scroll of recharging
Potions
 d - 13 potions of blood
 e - a potion of might
 h - 2 potions of agility
 m - a potion of curing
 n - a potion of brilliance {unknown}
 o - 2 potions of resistance {unknown}
 C - a potion of restore abilities {unknown}
 E - a potion of heal wounds {unknown}
Miscellaneous
 q - a plain deck of destruction {drawn: 1}
 B - a legendary deck of war {drawn: 2}
 D - a plain deck of destruction


   Skills:
 + Level 3.5(3.4) Fighting
 + Level 2.6(2.5) Long Blades
 + Level 1.0(0.9) Maces & Flails
 + Level 2.0 Bows
 + Level 4.4(4.3) Armour
 + Level 4.0 Dodging
 + Level 1.4(1.3) Stealth
 + Level 4.0 Shields
 + Level 0.2(0.1) Evocations


You had 6 spell levels left.
You didn't know any spells.

Dungeon Overview and Level Annotations

Branches:
Dungeon (6/15)             Temple (0/1) D:5

Altars:
Kikubaaqudgha
Nemelex Xobeh
Yredelemnul
The Shining One


Innate Abilities, Weirdness & Mutations

You can bottle blood from corpses.
You have razor-sharp teeth.
You have supernaturally acute eyesight.
You can survive without breathing.


Message History

Firing (i - inventory. (,) - cycle):
f - 59 arrows (quivered)
Press: ? - help, Shift-Dir - straight line, f/p - orc priest
Aim: an orc priest, wielding a hand axe (almost dead)
You shoot an arrow.
The arrow closely misses the orc warrior.
The arrow closely misses the orc priest.
The orc warrior hits you from afar with a glaive.
Firing (i - inventory. (,) - cycle):
f - 58 arrows (quivered)
Press: ? - help, Shift-Dir - straight line, f/p - orc priest
Aim: an orc priest, wielding a hand axe (almost dead)
You shoot an arrow. The arrow hits the orc warrior.
The arrow burns the orc warrior.
The orc warrior is heavily wounded.
The orc warrior hits you from afar with a glaive!
* * * LOW HITPOINT WARNING * * *
The orc priest looks braver.
The orc priest invokes the aid of Beogh against you.
Something smites you!
You die...
Your body disappears without a glow.

## .# (( o#
# o#
#.###.##.###
#.....o@...#
###........#
#.#.###..# #
#. $.# # .#
.# #


You could see an orc warrior, an orc priest and an orc.

Vanquished Creatures
  A sky beast (D:5)
  A phantom (D:5)
  3 centaurs (D:5)
  A crimson imp (D:5)
  A hound (D:4)
  A worker ant (D:5)
  Ijyb (D:4)
  7 adders
  3 gnolls (D:5)
  A shadow imp (D:5)
  3 worms
  5 giant geckos
  An ooze (D:3)
  6 orcs
  4 giant cockroaches
  13 goblins
  4 hobgoblins
  6 jackals
  10 kobolds
  A ball python zombie (D:5)
  16 bats
  3 giant newts
  A giant spore (D:5)
  13 rats
  8 ballistomycetes (D:5)
114 creatures vanquished.

Vanquished Creatures (collateral kills)
  A giant gecko (D:5)
1 creature vanquished.

Vanquished Creatures (others)
  3 giant spores (D:5)
3 creatures vanquished.

Grand Total: 118 creatures vanquished

Notes
Turn   | Place    | Note
--------------------------------------------------------------
     0 | D:1      | Jb9000, the Vampire Fighter, began the quest for the Orb.
     0 | D:1      | Reached XP level 1. HP: 17/17 MP: 1/1
   439 | D:1      | Reached XP level 2. HP: 23/23 MP: 2/2
  1197 | D:2      | Reached skill level 3 in Fighting
  1285 | D:2      | Reached XP level 3. HP: 24/29 MP: 3/3
  1406 | D:2      | Reached skill level 1 in Dodging
  1551 | D:2      | Found an ancient bone altar of Kikubaaqudgha.
  1652 | D:2      | Reached XP level 4. HP: 27/35 MP: 4/4
  2166 | D:3      | Found a basalt altar of Yredelemnul.
  2327 | D:3      | Found a sparkling altar of Nemelex Xobeh.
  2348 | D:3      | Became a worshipper of Nemelex Xobeh the Trickster
  2786 | D:4      | Received a gift from Nemelex Xobeh
  2831 | D:4      | Found a glowing golden altar of the Shining One.
  2890 | D:4      | Noticed Ijyb
  2905 | D:4      | Reached XP level 5. HP: 29/41 MP: 5/5
  2909 | D:4      | Killed Ijyb
  3221 | D:4      | Received a gift from Nemelex Xobeh
  3932 | D:5      | Entered Level 5 of the Dungeon
  3957 | D:5      | Noticed a centaur
  3969 | D:5      | Killed a centaur
  3969 | D:5      | Reached XP level 6. HP: 17/47 MP: 6/6
  4167 | D:5      | Noticed a sky beast
  4178 | D:5      | Killed a sky beast
  4178 | D:5      | Reached skill level 4 in Armour
  4188 | D:5      | Noticed a centaur
  4202 | D:5      | Killed a centaur
  4437 | D:5      | Received a gift from Nemelex Xobeh
  4445 | D:5      | Noticed a phantom
  4452 | D:5      | Killed a phantom
  4452 | D:5      | Reached skill level 1 in Bows
  4452 | D:5      | Reached skill level 1 in Stealth
  4452 | D:5      | Reached XP level 7. HP: 52/52 MP: 7/7
  4756 | D:5      | Found a staircase to the Ecumenical Temple.
  5150 | D:5      | Reached skill level 1 in Maces & Flails
  5453 | D:5      | Received a gift from Nemelex Xobeh
  5845 | D:6      | Killed from afar by an orc priest

Action                   |  1- 3 |  4- 6 |  7- 9 || total
-------------------------+-------+-------+-------++-------
Melee: Long sword        |   139 |    42 |       ||   181
       Whip              |       |   131 |    50 ||   181
 Fire: Shortbow          |       |    14 |    87 ||   101
Evoke: Deck              |       |       |     7 ||     7
       Wand              |       |       |     2 ||     2
  Use: Scroll            |     3 |     7 |     2 ||    12
       Potion            |     6 |    13 |       ||    19
